 Dungeon Crawl Stone Soup version 0.29-a0-813-g4a14ea37d6 (webtiles) character file.

Game seed: 882180462532920258

78 kevlar127 the Ruffian (level 4, -2/22 (45) HPs)
             Began as a Troll Berserker on July 4, 2022.
             Was a Believer of Trog.
             Slain by Eustachio
             ... wielding a +1 rapier of draining
              (6 damage)
             ... on level 4 of the Dungeon.
             The game lasted 00:05:40 (2751 turns).

kevlar127 the Ruffian (Troll Berserker)             Turns: 2751, Time: 00:05:41

HP:   -2/22 (45)    AC:  4    Str: 27      XL:     4   Next: 15%
MP:   3/3           EV:  9    Int:  3      God:    Trog [**....]
Gold: 92            SH:  0    Dex:  6 (9)  Spells: 3/3 levels left

rFire   . . .      SeeInvis .     - Unarmed
rCold   . . .      Faith    .   (no shield)
rNeg    . . .      Spirit   .   a - +0 animal skin
rPois   .          Reflect  .   (helmet restricted)
rElec   .          Harm     .   (no cloak)
rCorr   .          Rampage  .   (gloves unavailable)
Will    .....                   (boots unavailable)
Stlth   +.........              (no amulet)
HPRegen 0.87/turn               (no ring)
MPRegen 0.08/turn               (no ring)

@: extremely drained
A: large, unfitting armour, claws 3, regeneration 1, shaggy fur 1, tough skin 1
a: Renounce Religion, Berserk, Trog's Hand


You were on level 4 of the Dungeon.
You worshipped Trog.
Trog was pleased with you.
You visited 1 branch of the dungeon, and saw 4 of its levels.

You collected 152 gold pieces.
You spent 60 gold pieces at shops.

Inventory:

Missiles
 h - 18 stones (quivered)
Armour
 a - a +0 animal skin (worn)
Scrolls
 d - 7 scrolls of identify {unknown}
 f - a scroll of enchant armour {unknown}
 i - 4 scrolls of teleportation {unknown}
 j - a scroll of immolation {unknown}
 k - a scroll of poison {unknown}
 o - a scroll of enchant weapon {unknown}
 p - a scroll of summoning {unknown}
Potions
 b - 4 potions of curing {unknown}
 c - a potion of attraction {unknown}
 e - 2 potions of magic {unknown}
 g - 3 potions of degeneration
 l - a potion of cancellation {unknown}
 m - a potion of heal wounds
 n - a potion of might


   Skills:
 + Level 3.3 Fighting
 - Level 2.6 Dodging
 + Level 4.0 Unarmed Combat


You had 3 spell levels left.
You didn't know any spells.
Your spell library was empty.

Dungeon Overview and Level Annotations

Branches:
Dungeon (4/15)
 Temple: D:4-7

Altars:
Dithmenos
Fedhas
Kikubaaqudgha

Shops:
D:1 ((   D:3 !

Annotations:
D:4 Eustachio


Innate Abilities, Weirdness & Mutations

You are too large for most types of armour.
You have claws for hands.
Your natural rate of healing is unusually fast.
You are covered in fur. (AC +1)
You have tough skin. (AC +1)


Message History

Eustachio is moderately wounded.
Eustachio barely misses you.
You completely miss Eustachio.
Eustachio is moderately wounded.
Unknown command.
You completely miss Eustachio.
Eustachio is moderately wounded.
Eustachio barely misses you.
You completely miss Eustachio.
Eustachio is moderately wounded.
Eustachio casts a spell.
Eustachio blinks!
Eustachio mumbles some strange words.
You claw the rat!
You kill the rat!
The rat's corpse disappears in a puff of smoke!
Eustachio hits you with a +1 rapier of draining.
You feel drained.
You closely miss Eustachio.
Eustachio is moderately wounded.
Eustachio casts a spell.
Eustachio blinks!
Eustachio mumbles some strange words.
You scratch Eustachio.
Eustachio is moderately wounded.
Eustachio hits you with a +1 rapier of draining!
You feel drained. The quokka closely misses you.
The quokka bites you but does no damage.
You closely miss Eustachio.
Eustachio is moderately wounded.
The bat hits you but does no damage.
Eustachio hits you with a +1 rapier of draining.
You feel drained. The quokka bites you.
* * * LOW HITPOINT WARNING * * *
The quokka closely misses you. The quokka attacks as you move away!
The quokka bites you.
* * * LOW HITPOINT WARNING * * *
Eustachio attacks as you move away!
Eustachio hits you with a +1 rapier of draining.
You die...

#. #b# #..#.#
#..#.# #....#
### #.##)# ..#
#.##<# #.#
#b#..# #.#
#r.@.# #.#
#.@.##
#.#####.####..r#
#..............#
#######<#####.=#
#)# #..# #.#
#..# ... ...#
#.# ...# ..#
...#


You could see Eustachio, 2 quokkas and a bat (summoned).

Vanquished Creatures
  Robin (D:3)
  3 worms
  2 dart slugs
  An orc (D:4)
  2 ball pythons (D:3)
  4 endoplasms
  3 giant cockroaches
  8 goblins (D:3)
  6 hobgoblins
  6 kobolds
  3 quokkas
  5 bats
  2 frilled lizards
  2 rats (D:1)
48 creatures vanquished.

Notes
Turn   | Place    | Note
-------+----------+-------------------------------------------
     0 | D:1      | kevlar127 the Troll Berserker began the quest for the Orb.
     0 | D:1      | Reached XP level 1. HP: 22/22 MP: 0/0
    56 | D:1      | Found a faded altar of an unknown god.
   110 | D:1      | Found Setiffeus's Antique Weapon Shoppe.
   221 | D:1      | Reached XP level 2. HP: 28/29 MP: 1/1
   307 | D:1      | Found Soblysol's Weapon Emporium.
  1206 | D:3      | Found a shadowy altar of Dithmenos.
  1210 | D:3      | Reached XP level 3. HP: 35/36 MP: 2/2
  1258 | D:3      | Noticed Robin
  1269 | D:3      | Reached ** piety under Trog
  1291 | D:3      | Killed Robin
  1456 | D:3      | Found a blossoming altar of Fedhas.
  1457 | D:3      | Found an ancient bone altar of Kikubaaqudgha.
  1467 | D:3      | Reached skill level 4 in Unarmed Combat
  1469 | D:3      | Reached XP level 4. HP: 45/45 MP: 3/3
  1538 | D:3      | Found Ynipt's Distillery.
  1544 | D:3      | Bought a potion of degeneration for 12 gold pieces
  1544 | D:3      | Bought a potion of might for 48 gold pieces
  1920 | D:4      | Noticed Eustachio
  2751 | D:4      | Slain by Eustachio

Illustrated notes

Levels and vault maps discovered:
D:1:      wander_arrival_chamber, layout_rooms, chequers_ecumenical_altar_grove,
          serial_shops, nicolae_shop_stone, nicolae_shop_crystal
D:2:      layout_loops_corners
D:3:      minmay_door_path, layout_rooms,
          grunt_temple_overflow_growth_and_decay, mainiacjoe_overflow_catwalk,
          serial_shops, shop, st_stairs_12, serial_bayou_pond_d, uniq_robin
D:4:      black_bear_nest_1, layout_loops_ring, nicolae_gozag_seed_capital,
          minmay_temple_entry_offerings, minmay_misc_feat_x, uniq_ijyb,
          uniq_eustachio

Skill      XL: |  1  2  3 |
---------------+----------+-----
Fighting       | 3 |  3.3
Unarmed Combat | 4 |  4.0
Dodging        | |  2.6

Action                   |  1- 3 |  4- 6 || total
-------------------------+-------+-------++-------
Melee: Unarmed           |    85 |    98 ||   183
       Punch             |       |     1 ||     1
Invok: Berserk           |     1 |     1 ||     2
       Trog's Hand       |       |     1 ||     1
Armor: Animal skin       |    41 |    66 ||   107
Dodge: Dodged            |    58 |   106 ||   164

Table legend: (Time is in decaauts)
 A = Elapsed time spent in this place.
 B = Non-inter-level travel time spent in this place.
 C = Inter-level travel time spent in this place.
 D = Time resting spent in this place.
 E = Time spent auto-exploring this place.
 F = Levels seen in this place.
 G = Mean time per level.
                   A        B        C        D        E       F      G
               +--------+--------+--------+--------+--------+-----+--------+
         Total |   2755 |   2643 |    112 |    787 |   1448 |   4 |  688.8 |
       Dungeon |   2755 |   2643 |    112 |    787 |   1448 |   4 |  688.8 |
               +--------+--------+--------+--------+--------+-----+--------+

Top non-repeatable levels by time:
     D:3: 1413 daAuts
     D:2: 727 daAuts
     D:1: 464 daAuts
     D:4: 150 daAuts
